cohdb
Replays
Latest Replays
All Replays
Popular Replays
Top Player Replays
Match Explorer
How It Works
Community
CoH3 Stats
Reddit
Sign in to upload your games and track your stats! →
Sign in with Steam
Match 39219608
Unlisted
Match 39219608
Overview
Messages
Build Orders
End
Kradschützen Motorcycle Team
Selects Armored Support Battlegroup
Panzergrenadier Squad
Panzergrenadier Squad
Panzergrenadier Squad
Selects Superior Fire Drills
Construct Light Support Kompanie
2.5-tonne Medical Truck
Fire Support Elements
le.IG 18 Mechanized Group
Veteran Squad Leaders
Construct Mechanized Kompanie
Selects Salvage Kits
StuG III D Assault Gun
Vehicle Survival Package
Marder III Tank Destroyer
Selects Panzer Storm
Emergency Repair Kits
Construct Panzerarmee Kommand
Marder III Tank Destroyer
Armored Reserves
Rapid Advance
Selects Stuka Anti-tank Loiter
Tiger Heavy Tank
Tungsten Core Ammunition
Stuka Anti-tank Loiter
Panzer III Assault Group
Advanced Optics
Combat Half-tracks
Advanced Field Repairs
Panzer Storm
BigTiddyLebron
kreumat
Willbam
SneipZ
0
0
Comments
sign in to comment!
No comments posted yet!